 Dungeon Crawl Stone Soup version 0.28-a0-1236-gb25a51b929 (webtiles) character file.

Game seed: 13450782130510834720

59133 shoop the Brawler (level 14, -9/143 HPs)
             Began as a Troll Chaos Knight on Dec 25, 2021.
             Was a Plaything of Xom.
             Mangled by a seven-headed hydra (12 damage)
             ... on level 15 of the Dungeon.
             The game lasted 00:48:21 (15297 turns).

shoop the Brawler (Troll Chaos Knight)             Turns: 15297, Time: 00:48:22

Health: -9/143     AC:  6    Str: 33    XL:     14   Next: 52%
Magic:  16/16      EV: 14    Int: 14    God:    Xom [....*.]
Gold:   452        SH: 11    Dex:  9    Spells: 15/17 levels left

rFire   . . .      SeeInvis .     - Unarmed
rCold   + . .      Faith    .   d - +2 kite shield {reflect}
rNeg    . . .      Spirit   .   W - +2 robe {Will+}
rPois   .          Reflect  +   (helmet restricted)
rElec   +          Harm     .   w - scarf {rC+ rF+}
rCorr   .          Rampage  .   (gloves unavailable)
Will    ++...                   (boots unavailable)
Stlth   +.........              Z - amulet of the acrobat
HPRegen 1.13/turn               C - +6 ring of strength
MPRegen 0.15/turn               S - ring "Joulukas" {rElec rF- EV+4 Str+2 Int+4}

@: unable to read
A: large, unfitting armour, claws 3, regeneration 1, shaggy fur 1, tough skin 1,
talons 1, deterioration 1, inability to read while threatened, sturdy frame 1
a: Renounce Religion


You were on level 15 of the Dungeon.
You worshipped Xom.
You were a beloved toy of Xom.
You visited 2 branches of the dungeon, and saw 17 of its levels.

You collected 1716 gold pieces.
You spent 1264 gold pieces at shops.

Inventory:

Missiles
 m - a throwing net
 q - 4 javelins
 I - 35 poisoned darts
 O - 19 large rocks (quivered)
Armour
 d - a +2 kite shield of reflection (worn)
 w - a scarf of resistance (worn)
 W - a +2 robe of willpower (worn)
Jewellery
 i - a +6 ring of dexterity
 s - a +6 ring of strength
 C - a +6 ring of strength (left claw)
 L - a ring of poison resistance
 M - a ring of fire
 N - a ring of flight
 S - the ring "Joulukas" (right claw) {rElec rF- EV+4 Str+2 Int+4}
   (You found it on level 15 of the Dungeon)

   [ring of evasion]

   EV:        It affects your evasion (+4).
   Str:       It affects your strength (+2).
   Int:       It affects your intelligence (+4).
   rF:        It makes you vulnerable to fire.
   rElec:     It insulates you from electricity.
 T - a ring of positive energy
 U - a ring of protection from fire
 V - a ring of resist corrosion
 Z - an amulet of the acrobat (around neck)
Wands
 g - a wand of mindburst (14)
 k - a wand of polymorph (21)
 p - a wand of flame (43)
 y - a wand of paralysis (10)
 G - a wand of charming (8)
 K - a wand of iceblast (14)
Scrolls
 a - a scroll of immolation
 b - 2 scrolls of summoning
 e - 6 scrolls of fear
 f - 3 scrolls of brand weapon
 h - 2 scrolls of magic mapping
 j - 11 scrolls of teleportation
 o - 2 scrolls of blinking
 r - 2 scrolls of fog
 x - a scroll of silence
 D - 2 scrolls of enchant weapon
 F - 2 scrolls of vulnerability
 H - 3 scrolls of amnesia
 Y - a scroll of identify
Potions
 c - 6 potions of curing
 l - 4 potions of attraction
 n - 2 potions of cancellation
 t - 6 potions of brilliance
 u - 7 potions of heal wounds
 v - 3 potions of flight
 z - a potion of haste
 A - a potion of berserk rage
 B - 2 potions of might
 E - 2 potions of ambrosia
 J - 2 potions of invisibility
 P - 3 potions of magic
Miscellaneous
 Q - a phial of floods
 R - a box of beasts
 X - a lightning rod (4/4)


   Skills:
 - Level 10.0 Fighting
 + Level 7.7 Throwing
 - Level 5.0 Dodging
 - Level 1.1 Stealth
 + Level 7.3 Shields
 - Level 18.0 Unarmed Combat
 - Level 2.0 Spellcasting
 - Level 3.0 Translocations
 - Level 3.0 Evocations


You had 15 spell levels left.
You knew the following spells:

 Your Spells              Type           Power      Damage    Failure   Level
a - Blink                 Tloc           18%        N/A       14%         2

Your spell library contained the following spells:

 Spells                   Type           Power      Damage    Failure   Level
 Lesser Beckoning         Tloc           9%         N/A       28%         3
 Foxfire                  Conj/Fire      4%         2x1d4     32%         1
 Magic Dart               Conj           4%         1d3       32%         1
 Sting                    Tmut/Pois      4%         1d3       32%         1
 Ensorcelled Hibernation  Hex/Ice        2%         N/A       45%         2
 Poisonous Vapours        Pois/Air       2%         N/A       45%         2
 Static Discharge         Conj/Air       1%         N/A       45%         2
 Conjure Flame            Conj/Fire      1%         6-21      69%         3
 Dazzling Flash           Conj/Hex       2%         N/A       69%         3
 Inner Flame              Hex/Fire       1%         N/A       69%         3
 Tukima's Dance           Hex            1%         N/A       69%         3
 Manifold Assault         Tloc           9%         N/A       95%         5
 Dispel Undead            Necr           1%         3d6       97%         4
 Flame Wave               Conj/Fire      1%         2d4       97%         4
 Olgreb's Toxic Radiance  Pois           1%         N/A       97%         4
 Sticky Flame             Conj/Fire      1%         2d3       97%         4
 Agony                    Necr           1%         N/A       100%        5
 Iskenderun's Battlesphe  Conj           1%         2d6       100%        5
 Silence                  Hex/Air        0%         N/A       100%        5
 Iron Shot                Conj/Erth      0%         9d1       100%        6
 Spellforged Servitor     Conj/Summ      0%         N/A       100%        7


Dungeon Overview and Level Annotations

Branches:
Dungeon (15/15)            Temple (0/1) D:6            Lair (0/6) D:11
    Orc (2/2) D:10            Elf (0/3) Orc:2        Vaults (0/5) D:14
 Depths: D:15

Altars:
Cheibriados
Elyvilon
Fedhas
Kikubaaqudgha
Nemelex Xobeh
Okawaru
Qazlal
Sif Muna
Trog
Uskayaw
Vehumet
Wu Jian
Beogh

Shops:
D:1 [[!!?   D:14 *   D:15 =   Orc:1 *   Orc:2 ((=*

Annotations:
D:13 3 runed translucent doors, a11behringer's ghost, journeyman MiBe
D:15 1 transporter


Innate Abilities, Weirdness & Mutations

You are too large for most types of armour.
You have claws for hands.
Your natural rate of healing is unusually fast.
You are covered in fur. (AC +1)
You have tough skin. (AC +1)
You have sharp toenails.
Your body sometimes deteriorates upon taking damage.
You sometimes lose the ability to read scrolls when taking damage.
Your movements are slightly less encumbered by armour. (ER -2)


Message History

The seven-headed hydra bites you!
You block the seven-headed hydra's attack.
The seven-headed hydra bites you! x2; The seven-headed hydra misses you.
You block the seven-headed hydra's attack.
You barely miss the deep troll earth mage.
You claw the deep troll earth mage!
The deep troll earth mage is almost dead.
You block the deep troll earth mage's attack.
The deep troll earth mage claws you!
You feel threatened and lose the ability to read scrolls!
* * * LOW HITPOINT WARNING * * *
The deep troll earth mage claws you!
* * * LOW HITPOINT WARNING * * *
You block the seven-headed hydra's attack.
The seven-headed hydra bites you but does no damage.
The seven-headed hydra closely misses you.
The seven-headed hydra misses you.
The seven-headed hydra barely misses you.
The seven-headed hydra bites you!
* * * LOW HITPOINT WARNING * * *
The seven-headed hydra barely misses you.
Unknown command.
Okay, then.
Okay, then.
You cannot read scrolls in your current state!
You mangle the deep troll earth mage!!
You kill the deep troll earth mage!
Aiming: Paralyse
Press: ? - help, Shift-Dir - straight line, f - seven-headed hydra
Aim: a seven-headed hydra (chance to affect: 21%)
The seven-headed hydra resists with almost no effort.
The seven-headed hydra bites you.
* * * LOW HITPOINT WARNING * * *
The seven-headed hydra misses you. The seven-headed hydra bites you.
* * * LOW HITPOINT WARNING * * *
The seven-headed hydra completely misses you.
You block the seven-headed hydra's attack.
The seven-headed hydra bites you!
You die...
Xom guffaws!

.......#......#
#.).....#.....###
.)..............#
........†...≈≈≈.## ###
+#........#.≈≈≈..## #.[##
##........#.≈≈...###...!##
###+#.....#.....##.§...}#
##...†.#.....§§§....#
+........@D.§..#..##
##+#...........+ #
##.....#....## ≈
+...........## ≈#####
#............# ≈≈≈≈≈#
#............# ...∩≈#
##.....#.....# ⌠...≈####
##......#...+ ..P.≈≈≈##
+........#.#


You could see a seven-headed hydra.

Vanquished Creatures
  Kirke (D:14)
  An orc warlord (Orc:2)
  A great orb of eyes (D:15)
  A rakshasa (D:14)
  3 vault guards (D:15)
  2 boulder beetles (D:14)
  Erolcha (D:13)
  2 catoblepae
  4 centaur warriors
  2 dancing weapons (D:14)
  6 two-headed ogres
  6 death yaks (D:11)
  A deep troll earth mage (D:15)
  A tengu warrior (D:14)
  4 orc high priests (Orc:2)
  A wizard (D:14)
  A deep elf pyromancer (D:12)
  2 wolf spider zombies (D:15)
  5 orc knights
  8 orc sorcerers
  13 ugly things
  5 cyclopes
  4 manticores
  A spectral centaur (D:11)
  Maurice (D:8)
  2 unseen horrors
  2 gargoyles
  5 centaur skeletons
  A komodo dragon (D:8)
  5 trolls
  A hornet (D:11)
  2 wind drakes
  A shadow (D:11)
  A centaur simulacrum (D:15)
  13 yaks
  A wyvern (D:10)
  3 hogs (D:14)
  A basilisk (D:12)
  3 wraiths
  Grum (D:11)
  3 vampire mosquitoes (D:12)
  3 wargs (Orc:2)
  2 acid dragons (D:11)
  2 floating eyes (D:15)
  2 black bears
  37 orc warriors
  An ice beast (D:7)
  A sky beast (D:6)
  2 necrophages
  18 ogres
  A boggart (D:15)
  11 centaurs
  3 wolves (D:11)
  3 phantoms
  A kobold brigand (D:9)
  A bullfrog (D:6)
  A gnoll sergeant (D:13)
  2 scorpions
  A water moccasin skeleton (D:4)
  9 killer bees
  6 howler monkeys
  28 wights
  3 bullfrog zombies
  2 hounds
  26 orc priests
  3 centaur zombies
  A jelly (D:6)
  5 iguanas
  Terence (D:2)
  13 orc wizards
  2 killer bee zombies
  A howler monkey zombie (D:9)
  Robin (D:2)
  4 gnolls
  A howler monkey skeleton (D:4)
  6 adders
  A shadow imp (D:8)
  An ufetubus (D:7)
  2 worms (D:3)
  A dart slug (D:1)
  100 orcs
  8 ball pythons
  5 endoplasms
  4 giant cockroaches
  14 goblins
  8 hobgoblins
  7 jackals (D:1)
  6 kobolds
  2 quokkas
  3 bats
  A frilled lizard (D:3)
  3 rats
492 creatures vanquished.

Vanquished Creatures (collateral kills)
  A boulder beetle (D:15)
  A two-headed ogre (D:15)
  A yak (D:8)
  2 killer bees (D:9)
5 creatures vanquished.

Vanquished Creatures (others)
  An ugly thing (D:14)
  A water moccasin skeleton (D:5)
  An orc priest (Orc:2)
  10 fungi (D:11)
  4 plants (D:13)
  4 toadstools (D:11)
21 creatures vanquished.

Grand Total: 518 creatures vanquished

Notes
Turn   | Place    | Note
-------+----------+-------------------------------------------
     0 | D:1      | shoop the Troll Chaos Knight began the quest for the Orb.
     0 | D:1      | Reached XP level 1. HP: 22/22 MP: 0/0
   121 | D:1      | XOM: divination: magic mapping
   147 | D:1      | Found Peemugro's Armour Emporium.
   158 | D:1      | XOM: god gift: 26 gold pieces
   251 | D:1      | Found Uhiducai's Distillery.
   251 | D:1      | XOM: 2-stop teleportation journey
   269 | D:1      | Bought a potion of degeneration for 11 gold pieces
   269 | D:1      | Bought a potion of curing for 33 gold pieces
   272 | D:1      | Found Mololouw's Distillery.
   280 | D:1      | Reached XP level 2. HP: 29/29 MP: 1/1
   351 | D:1      | Found Gore's Magic Scroll Emporium.
   491 | D:1      | XOM: divination: detect creatures
   661 | D:1      | Found Fuxa's Armour Shoppe.
   708 | D:2      | Reached skill level 4 in Unarmed Combat
   708 | D:2      | Reached XP level 3. HP: 36/36 MP: 2/2
   847 | D:2      | Noticed Robin
   853 | D:2      | Killed Robin
   854 | D:2      | Reached XP level 4. HP: 40/44 MP: 3/3
   950 | D:2      | Found a faded altar of an unknown god.
  1017 | D:2      | Noticed Terence
  1018 | D:2      | XOM: scenery: summon butterflies
  1025 | D:2      | Killed Terence
  1026 | D:2      | Reached skill level 1 in Stealth
  1026 | D:2      | Reached skill level 5 in Unarmed Combat
  1054 | D:2      | XOM is BORED!
  1092 | D:2      | XOM: give mutation
  1092 | D:2      | Gained mutation: Your movements are slightly less
                  | encumbered by armour. (ER -2) [Xom's grace]
  1576 | D:4      | Reached XP level 5. HP: 49/50 MP: 4/4
  1597 | D:4      | Noticed a black bear
  1604 | D:4      | Killed a black bear
  1605 | D:4      | Reached skill level 6 in Unarmed Combat
  1673 | D:4      | Found a white marble altar of Elyvilon.
  1693 | D:4      | Reached XP level 6. HP: 27/59 MP: 5/5
  1814 | D:4      | XOM: summons friendly shadow imp
  1821 | D:4      | XOM: fog
  1865 | D:4      | You fall into a shaft and drop 1 floor!
  1865 | D:5      | Entered Level 5 of the Dungeon
  1875 | D:5      | Reached skill level 7 in Unarmed Combat
  1909 | D:5      | Reached XP level 7. HP: 66/66 MP: 6/6
  1914 | D:5      | XOM: divine lightning
  1937 | D:4      | XOM: silly message
  2242 | D:4      | XOM: confuse monster(s)
  2243 | D:4      | XOM: noise
  2272 | D:4      | Reached skill level 8 in Unarmed Combat
  2363 | D:5      | Found the +3 pair of seven-league boots {Rampage+∞}
  2422 | D:5      | Found a snail-covered altar of Cheibriados.
  2436 | D:5      | Reached skill level 9 in Unarmed Combat
  2885 | D:5      | Found an ornate altar of the Wu Jian Council.
  2938 | D:6      | Reached XP level 8. HP: 51/74 MP: 7/7
  2941 | D:6      | XOM: potion effect (might)
  2942 | D:6      | Reached skill level 1 in Evocations
  3034 | D:6      | Found a sparkling altar of Nemelex Xobeh.
  3037 | D:6      | XOM: potion effect (invisibility)
  3124 | D:6      | XOM: silly message
  3188 | D:6      | Reached skill level 10 in Unarmed Combat
  3429 | D:6      | XOM: potion effect (curing)
  3642 | D:6      | Found a staircase to the Ecumenical Temple.
  3710 | D:7      | XOM: potion effect (might)
  3711 | D:7      | XOM: potion effect (brilliance)
  3722 | D:7      | Reached XP level 9. HP: 84/84 MP: 8/8
  4047 | D:7      | XOM: cast spell 'Summon Ice Beast'
  4052 | D:7      | Reached skill level 11 in Unarmed Combat
  4299 | D:8      | XOM: summons friendly iron imp
  4303 | D:8      | XOM: summons friendly ufetubus
  4317 | D:8      | XOM: give mutations
  4317 | D:8      | Gained mutation: You are robust. (+10% HP) [Xom's mischief]
  4317 | D:8      | Gained mutation: You are clumsy. (Dex -2) [Xom's mischief]
  4317 | D:8      | Gained mutation: You sometimes lose the ability to read
                  | scrolls when taking damage. [Xom's mischief]
  4317 | D:8      | Gained mutation: You have sharp toenails. [Xom's mischief]
  4320 | D:8      | Reached skill level 5 in Fighting
  4321 | D:8      | XOM: give mutations
  4321 | D:8      | Lost mutation: You are robust. (+10% HP) [Xom's mischief]
  4321 | D:8      | Lost mutation: You are clumsy. (Dex -2) [Xom's mischief]
  4321 | D:8      | Gained mutation: Your body sometimes deteriorates upon
                  | taking damage. [Xom's mischief]
  4322 | D:8      | XOM: smoke on damage
  4418 | D:8      | XOM is BORED!
  4418 | D:8      | XOM: draining
  4436 | D:8      | Noticed a komodo dragon
  4445 | D:8      | Killed a komodo dragon
  4446 | D:8      | Reached skill level 12 in Unarmed Combat
  4526 | D:5      | XOM is BORED!
  4526 | D:5      | XOM: summons 4 hostile demons
  4610 | D:1      | Bought a potion of haste for 110 gold pieces
  4620 | D:1      | Bought a potion of cancellation for 80 gold pieces
  4620 | D:1      | Bought a potion of berserk rage for 50 gold pieces
  4620 | D:1      | Bought a potion of heal wounds for 50 gold pieces
  4620 | D:1      | Bought a potion of might for 40 gold pieces
  4698 | D:5      | XOM: torment (44/85 hp)
  4977 | D:8      | Noticed Maurice
  4989 | D:8      | XOM: cast spell 'Call Canine Familiar'
  4998 | D:8      | Killed Maurice
  4999 | D:8      | Reached XP level 10. HP: 84/98 MP: 9/9
  5113 | D:8      | Found an iron altar of Okawaru.
  5310 | D:9      | XOM: summons friendly quasit
  5316 | D:9      | XOM: summons friendly quasit
  5402 | D:9      | Reached skill level 13 in Unarmed Combat
  5402 | D:9      | Noticed a two-headed ogre
  5411 | D:9      | XOM: enchant monster (good)
  5416 | D:9      | XOM: fake destruction
  5423 | D:9      | Killed a two-headed ogre
  5498 | D:9      | Found a stormy altar of Qazlal.
  5608 | D:9      | XOM: cast spell 'Summon Mana Viper'
  5717 | D:9      | XOM: scenery: summon butterflies
  5799 | D:9      | XOM: summons 3 friendly demons
  6093 | D:9      | XOM is BORED!
  6093 | D:9      | XOM: silly message
  6198 | D:9      | Identified the +11 falchion "Cecvao Lifi" {pain, +Blink
                  | rCorr Str+4 Int-3}
  6218 | D:10     | Entered Level 10 of the Dungeon
  6285 | D:10     | Found a staircase to the Orcish Mines.
  6295 | Orc:1    | Entered Level 1 of the Orcish Mines
  6295 | Orc:1    | Found Vac Popt's General Store.
  6300 | D:10     | Reached skill level 14 in Unarmed Combat
  6340 | Orc:1    | Noticed an orc sorcerer
  6368 | Orc:1    | Killed an orc sorcerer
  6381 | Orc:1    | Noticed an orc knight
  6489 | D:10     | Reached XP level 11. HP: 109/109 MP: 10/10
  6511 | D:10     | XOM: silly message
  6590 | D:10     | Found a blossoming altar of Fedhas.
  6603 | D:10     | Found a hide-covered altar of Uskayaw.
  6747 | D:10     | XOM: silly message
  6807 | D:10     | Found a shimmering blue altar of Sif Muna.
  6808 | D:10     | Found an ancient bone altar of Kikubaaqudgha.
  6808 | D:10     | Found a radiant altar of Vehumet.
  6815 | D:10     | Got Vehumet's Handbook of Conjuration
  7068 | D:10     | XOM: divination: detect creatures
  7158 | D:11     | XOM: silly message
  7251 | D:11     | Noticed a two-headed ogre
  7251 | D:11     | XOM: 1-stop teleportation journey
  7261 | D:11     | Killed a two-headed ogre
  7424 | D:11     | Noticed a death yak
  7432 | D:11     | XOM: potion effect (invisibility)
  7437 | D:11     | Noticed a death yak
  7438 | D:11     | XOM: potion effect (haste)
  7439 | D:11     | Noticed a death yak
  7441 | D:11     | Noticed a death yak
  7442 | D:11     | XOM: potion effect (brilliance)
  7443 | D:11     | Killed a death yak
  7444 | D:11     | Reached skill level 1 in Throwing
  7444 | D:11     | Reached skill level 15 in Unarmed Combat
  7444 | D:11     | XOM: potion effect (invisibility)
  7445 | D:11     | Noticed a death yak
  7446 | D:11     | XOM: potion effect (brilliance)
  7448 | D:11     | Found a staircase to the Lair.
  7448 | D:11     | Noticed a death yak
  7453 | D:11     | Killed a death yak
  7478 | D:11     | XOM is BORED!
  7478 | D:11     | XOM: silly message
  7586 | D:12     | XOM: silly message
  7701 | D:12     | Noticed a deep elf pyromancer
  7704 | D:12     | Killed a deep elf pyromancer
  7803 | D:12     | XOM: 1-stop teleportation journey
  7912 | D:12     | Noticed a purple ugly thing
  7918 | D:12     | XOM: summons 2 friendly demons
  7930 | D:12     | Killed a purple ugly thing
  7973 | D:11     | XOM: enchant monster (bad)
  8030 | D:11     | XOM: summons 5 friendly demons
  8036 | D:11     | XOM: summons friendly iron imp
  8039 | D:11     | Killed a death yak
  8048 | D:11     | XOM: confuse monster(s)
  8053 | D:11     | Noticed Grum
  8054 | D:11     | Killed a death yak
  8103 | D:12     | XOM: god gift: runed leather armour {god gift}
  8691 | D:11     | Killed a death yak
  8692 | D:11     | Reached XP level 12. HP: 103/122 MP: 11/11
  8750 | D:11     | Killed Grum
  8793 | D:11     | Reached skill level 16 in Unarmed Combat
  8794 | D:11     | XOM: summons friendly ufetubus
  8914 | D:11     | XOM is BORED!
  8941 | D:11     | Killed a death yak
  8999 | D:13     | Noticed a catoblepas
  9027 | D:13     | XOM: divine lightning
  9034 | D:13     | Killed a catoblepas
  9072 | D:13     | XOM: noise
  9116 | D:13     | Noticed Erolcha
  9124 | D:13     | Killed Erolcha
  9146 | D:13     | Found a runed translucent gate.
  9146 | D:13     | Found a runed translucent gate.
  9146 | D:13     | Noticed an 11-headed hydra
  9151 | D:13     | Found a runed translucent gate.
  9151 | D:13     | Noticed a11behringer's ghost (journeyman MiBe)
  9151 | D:13     | Noticed a 13-headed hydra
  9424 | D:13     | Noticed a centaur warrior
  9433 | D:13     | Killed a centaur warrior
  9437 | D:13     | XOM: confusion
  9450 | D:13     | Reached skill level 5 in Throwing
  9918 | Orc:1    | XOM: silly message
  9999 | Orc:1    | XOM: polymorph troll -> wind drake
 10226 | Orc:1    | Found a bloodstained altar of Trog.
 10465 | Orc:2    | XOM: stealth player
 10465 | Orc:2    | Entered Level 2 of the Orcish Mines
 10531 | Orc:1    | XOM: divination: detect creatures
 10832 | Orc:2    | Reached skill level 17 in Unarmed Combat
 10914 | Orc:2    | Noticed a two-headed ogre
 10923 | Orc:2    | Killed a two-headed ogre
 10924 | Orc:2    | Reached skill level 5 in Dodging
 10946 | Orc:2    | Noticed a two-headed ogre
 10955 | Orc:2    | Killed a two-headed ogre
 10956 | Orc:2    | Reached XP level 13. HP: 97/131 MP: 12/12
 11318 | Orc:2    | XOM: summons 3 hostile demons
 11681 | Orc:2    | Found a staircase to the Elven Halls.
 11723 | Orc:2    | XOM: enchant monster (bad)
 11780 | Orc:2    | XOM: stat loss: -1 Int (9/10)
 11943 | Orc:2    | XOM: summons 7 hostile demons
 11976 | Orc:2    | Noticed an orc warlord
 12010 | Orc:2    | Killed an orc warlord
 12069 | Orc:2    | XOM: confuse monster(s)
 12148 | Orc:2    | XOM: 1-stop teleportation journey
 12250 | Orc:2    | Found Hyniesab's Weapon Boutique.
 12288 | Orc:2    | Found Etapp's Weapon Shop.
 12303 | Orc:2    | Reached skill level 1 in Shields
 12512 | Orc:2    | XOM: enchant monster (bad)
 12655 | Orc:2    | XOM: polymorph orc knight -> wind drake
 12669 | Orc:2    | XOM: enchant monster (bad)
 12808 | Orc:2    | XOM: potion effect (heal wounds)
 12869 | Orc:2    | Found Yre Ezaulee's Jewellery Emporium.
 12869 | Orc:2    | XOM: confusion (+ monsters)
 13015 | Orc:2    | Reached skill level 10 in Fighting
 13058 | Orc:2    | Found Myjywk's General Store.
 13060 | Orc:2    | XOM: confuse monster(s)
 13114 | Orc:2    | XOM: potion effect (haste)
 13120 | Orc:2    | Reached skill level 18 in Unarmed Combat
 13260 | Orc:2    | Bought an amulet of the acrobat for 390 gold pieces
 13522 | D:1      | Bought a scroll of identify for 28 gold pieces
 13522 | D:1      | Bought a scroll of summoning for 133 gold pieces
 13522 | D:1      | Bought a scroll of blinking for 105 gold pieces
 13522 | D:1      | Bought a scroll of immolation for 49 gold pieces
 13574 | D:1      | Bought a +2 kite shield of reflection for 185 gold pieces
 13902 | D:14     | Noticed Kirke
 13932 | D:14     | Noticed a sphinx
 13937 | D:14     | Killed Kirke
 13997 | D:14     | XOM: smoke on damage
 13998 | D:14     | XOM: enchant monster (good)
 14017 | D:14     | XOM: potion effect (berserk rage)
 14018 | D:14     | XOM: enchant monster (bad)
 14114 | D:14     | XOM: silly message
 14119 | D:14     | Reached skill level 5 in Shields
 14137 | D:14     | Reached XP level 14. HP: 73/143 MP: 13/13
 14252 | D:14     | XOM: polymorph human -> blink frog
 14336 | D:14     | Learned a level 2 spell: Blink
 14347 | D:14     | XOM: summons 5 friendly demons
 14398 | D:14     | XOM: summons 3 friendly demons
 14484 | D:14     | Found Pmyimmopt's Practical Paraphernalia.
 14496 | D:14     | XOM: chaos upgrade
 14499 | D:14     | Reached skill level 1 in Translocations
 14501 | D:14     | Reached skill level 1 in Spellcasting
 14594 | D:14     | Found a gate to the Vaults.
 14764 | D:15     | Entered Level 15 of the Dungeon
 14806 | D:15     | XOM: summons friendly iron imp
 14823 | D:15     | XOM: summons friendly white imp
 14865 | D:15     | XOM: scenery: 1 doors open, 1 doors close
 14866 | D:15     | XOM: 2-stop teleportation journey
 14873 | D:15     | Paralysed by a floating eye for 3 turns
 14944 | D:15     | XOM: polymorph necromancer -> two-headed ogre
 14954 | D:15     | HP: 6/143 [catoblepas/blast of calcifying dust (6)]
 14956 | D:15     | Found a transporter.
 14956 | D:15     | Found Eler's Jewellery Shop.
 14956 | D:15     | XOM: 3-stop teleportation journey
 15086 | D:15     | Paralysed by a floating eye for 4 turns
 15088 | D:15     | XOM: summons 6 friendly demons
 15216 | D:15     | XOM: cast spell 'Summon Mana Viper'
 15258 | D:15     | Identified the ring "Joulukas" {rElec rF- EV+4 Str+2 Int+4}
 15289 | D:15     | XOM: smoke on damage
 15292 | D:15     | HP: 6/143 [seven-headed hydra (12)]
 15297 | D:15     | HP: 6/143 [seven-headed hydra (5)]
 15297 | D:15     | Mangled by a seven-headed hydra

Illustrated notes

Levels and vault maps discovered:
D:1:      onia_arrival_mini_maze, layout_loops_ring, serial_shops,
          nicolae_shop_stone, shop_coins, shop, shop, shop
D:2:      layout_loops_cross, ebering_ecumenical_altar_ruins, uniq_terence,
          uniq_robin
D:3:      layout_rooms
D:4:      layout_cave_pods, mainiacjoe_overflow_alcove_1
D:5:      layout_rooms, nicolae_overflow_hidden_temple,
          mainiacjoe_overflow_concentric_impassable, nzn_wu_jian_council_hall,
          roderic_st_hans_cross, chequers_serial_rivers_large_b
D:6:      layout_loops_ring, nemelex_xobeh_ov_fountains_minmay, temple_green
D:7:      layout_basic
D:8:      layout_rooms, okawaru_altar_gauntlet_db, chequers_serial_rivers_marsh,
          uniq_maurice
D:9:      layout_roguey, grunt_qazlal_clouds, serial_aquarium,
          aquarium_bridge_square [aquarium_subvault_window,
          aquarium_subvault_wall, aquarium_subvault_wall,
          aquarium_subvault_bridge], aquarium_bridge_long_separate
          [aquarium_subvault_bridge, aquarium_subvault_balcony,
          aquarium_subvault_wall, aquarium_subvault_bridge,
          aquarium_subvault_window, aquarium_subvault_bridge],
          aquarium_window_1, aquarium_window_2, aquarium_view_2b,
          aquarium_view_2c, blue_anna_alchemist
D:10:     layout_roguey, grunt_temple_overflow_magic_moments,
          mainiacjoe_overflow_catwalk, amethyst_overflow_temple_binary,
          hiddenorc1_lemuel
D:11:     layout_roguey, dpeg_lair_monsters, hangedman_weighted_door,
          minmay_gold_behind_fungi, kennysheep_generic_room_14, uniq_grum
D:12:     layout_long_grid
D:13:     layout_roguey, gammafunk_ghost_hydra_chop, hangedman_decor_opposing,
          uniq_erolcha
D:14:     layout_roguey, erik_vaults_1, serial_park_tiny_1,
          nicolae_alphabet_shops, uniq_kirke
D:15:     hangedman_spin_cycle
Orc:1:    layout_caves, serial_shops, nicolae_shop_statue_plus,
          trog_butcher_becter
Orc:2:    pubby_orc_utopia

Skill      XL: |  1  2  3  4  5  6  7  8  9 10 11 12 13 14 |
---------------+-------------------------------------------+-----
Unarmed Combat | 4 5 6 7 9 10 12 14 15 17 18 | 18.0
Stealth        | 1 |  1.1
Evocations     | 2 3 |  3.0
Fighting       | 4 5 7 8 9 10 | 10.0
Throwing       | 3 5 7 |  7.7
Dodging        | 3 5 |  5.0
Shields        | 5 7 |  7.3
Translocations | 3 |  3.0
Spellcasting   | 2 |  2.0

Action                   |  1- 3 |  4- 6 |  7- 9 | 10-12 | 13-15 || total
-------------------------+-------+-------+-------+-------+-------++-------
Melee: Unarmed           |    86 |   129 |   212 |   469 |   445 ||  1341
       Punch             |       |     3 |    15 |    48 |    18 ||    84
       Kick              |       |       |    12 |   174 |   148 ||   334
Throw: Dart              |       |       |       |    12 |       ||    12
       Large rock        |       |       |       |     6 |     4 ||    10
Evoke: Lightning rod     |       |       |       |       |     4 ||     4
       Phial of floods   |       |       |       |       |     1 ||     1
       Wand              |       |       |       |       |     1 ||     1
  Use: Scroll            |       |       |       |       |    14 ||    14
 Stab: Sleeping          |     2 |     2 |     5 |     2 |     1 ||    12
       Invisible         |       |       |     3 |     3 |       ||     6
       Distracted        |       |       |     2 |     2 |       ||     4
       Confused          |       |       |       |       |     3 ||     3
       Petrified         |       |       |       |       |     4 ||     4
       Petrifying        |       |       |       |       |     2 ||     2
Armor: Robe              |    39 |    47 |    50 |   130 |    46 ||   312
Dodge: Dodged            |    34 |    48 |    85 |   318 |   153 ||   638
Block: Kite shield       |       |       |       |       |    66 ||    66
       Reflection        |       |       |       |       |     5 ||     5

Table legend: (Time is in decaauts)
 A = Elapsed time spent in this place.
 B = Non-inter-level travel time spent in this place.
 C = Inter-level travel time spent in this place.
 D = Time resting spent in this place.
 E = Time spent auto-exploring this place.
 F = Levels seen in this place.
 G = Mean time per level.
                   A        B        C        D        E       F      G
               +--------+--------+--------+--------+--------+-----+--------+
         Total |  15026 |  13508 |   1518 |    755 |   8943 |  17 |  883.9 |
       Dungeon |  11694 |  10377 |   1317 |    333 |   7711 |  15 |  779.6 |
  Orcish Mines |   3332 |   3131 |    201 |    421 |   1232 |   2 | 1666.0 |
               +--------+--------+--------+--------+--------+-----+--------+

Top non-repeatable levels by time:
   Orc:2: 2470 daAuts
    D:12: 1042 daAuts
     D:9: 976 daAuts
    D:14: 913 daAuts
    D:10: 898 daAuts
    D:13: 893 daAuts
    D:11: 881 daAuts
     D:1: 881 daAuts
   Orc:1: 861 daAuts
     D:6: 801 daAuts
     D:5: 791 daAuts
     D:4: 765 daAuts
     D:8: 695 daAuts
     D:7: 694 daAuts
     D:2: 523 daAuts
